[Event "Chigorin Memorial 2019"]
[Site "Saint Petersburg"]
[Date "2019.10.09"]
[Round "5.7"]
[White "Yuffa, Daniil"]
[Black "Yanchenko, Roman"]
[Result "1/2-1/2"]
[ECO "E01"]
[WhiteElo "2577"]
[BlackElo "2454"]
[Annotator "RC"]
[PlyCount "133"]
[EventDate "2019.10.05"]
[EventType "swiss"]
[EventCountry "RUS"]
[SourceTitle "playchess.com"]
[Source "ChessBase"]
[SourceQuality "1"]
[TimeControl "5400+30"]

1. d4 Nf6 2. c4 e6 3. g3 d5 4. Bg2 Bb4+ 5. Nd2 O-O 6. Ngf3 c6 7. O-O Nbd7 8. Qc2 b5 9. c5 Bxd2 10. Bxd2 Re8 11. Bf4 a5 12. Rac1 Ba6 13. Bd6 b4 14. Ne5 Nxe5 15. dxe5 Nd7 16. Rfe1 f5 17. exf6 Qxf6 18. e4 Qg6 19. Qd2 Nf6 20. e5 Ne4 21. Qd4 Ng5 22. Re3 Ra7 23. h3 Bb5 24. f3 h5 25. Kh2 Nf7 26. a3 Nh6 27. g4 Rf7 28. axb4 axb4 29. Rb3 Qg5 30. Qe3 Qxe3 31. Rxe3 Ra8 32. Rb3 Rf4 33. Kg3 Rd4 34. Be7 Ra2 35. Bf1 Ba4 36. Rd3 Rxd3 37. Bxd3 Rxb2 38. Ra1 Bc2 39. Bxc2 Rxc2 40. Ra8+ Kh7 41. Ra7 hxg4 42. hxg4 Kg8 43. Rb7 Rc3 44. Rxb4 Nf7 45. Kf4 Rc4+ 46. Rxc4 dxc4 47. Ke3 c3 48. f4 Nh6 49. Kd3 Nxg4 50. Kxc3 Ne3 51. Bg5 Kf7 52. Kb4 Ke8 53. Ka5 Kd7 54. Kb6 Nc4+ 55. Kb7 Nb2 56. f5 exf5 57. e6+ Kxe6 58. Kxc6 Nc4 59. Bf4 Na5+ 60. Kb6 Kd5 61. Kxa5 Kxc5 62. Bg5 Kd4 63. Kb4 g6 64. Bh6 Ke4 65. Kc3 f4 66. Kd2 Kf3 67. Ke1 1/2-1/2

[Event "Chigorin Memorial 2019"]
[Site "Saint Petersburg"]
[Date "2019.10.10"]
[Round "6.1"]
[White "Bocharov, Ivan"]
[Black "Vokhidov, Shamsiddin"]
[Result "1-0"]
[ECO "B29"]
[WhiteElo "2550"]
[BlackElo "2519"]
[Annotator "ChessBase"]
[PlyCount "67"]
[EventDate "2019.10.05"]
[EventType "swiss"]
[EventCountry "RUS"]
[SourceTitle "playchess.com"]
[Source "ChessBase"]
[SourceQuality "1"]
[TimeControl "5400+30"]

1. e4 c5 2. Nf3 Nf6 3. e5 Nd5 4. Nc3 Nxc3 5. dxc3 Nc6 6. Bf4 Qb6 7. b3 Qc7 8. Bd3 e6 9. O-O h6 10. Qe2 b6 11. Nd2 d5 12. c4 d4 13. Bg3 Bb7 14. f4 Nb4 15. f5 Nxd3 16. cxd3 Qd7 17. Ne4 O-O-O 18. fxe6 Qxe6 19. Rae1 Rd7 20. Qh5 g6 21. Qh4 Be7 22. Qf4 Bg5 23. Nxg5 hxg5 24. Qxg5 Rh5 25. Qd2 Rf5 26. Rxf5 gxf5 27. Rf1 Re7 28. Qg5 Bc6 29. Rxf5 Qd7 30. h4 Kb7 31. h5 Re6 32. Qf4 Ka6 33. Rxf7 Qe8 34. h6 1-0

[Event "Chigorin Memorial 2019"]
[Site "Saint Petersburg"]
[Date "2019.10.10"]
[Round "6.2"]
[White "Sivuk, Vitaly"]
[Black "Petrosyan, Manuel"]
[Result "1/2-1/2"]
[ECO "D38"]
[WhiteElo "2559"]
[BlackElo "2611"]
[Annotator "ChessBase"]
[PlyCount "101"]
[EventDate "2019.10.05"]
[EventType "swiss"]
[EventCountry "RUS"]
[SourceTitle "playchess.com"]
[Source "ChessBase"]
[SourceQuality "1"]
[TimeControl "5400+30"]

1. d4 Nf6 2. c4 e6 3. Nf3 d5 4. Nc3 Bb4 5. cxd5 exd5 6. Bf4 c6 7. e3 Bf5 8. Be2 Ne4 9. Qb3 Qb6 10. Bd3 Nd7 11. Qc2 c5 12. Nd2 Ndf6 13. dxc5 Qxc5 14. Nb3 Qe7 15. f3 Nxc3 16. Bxf5 Nce4+ 17. Ke2 Nd6 18. Nd4 O-O 19. Rac1 g6 20. a3 Ba5 21. Qc5 Nxf5 22. Nxf5 Qxc5 23. Rxc5 Bd8 24. Nd6 Bb6 25. Rb5 d4 26. e4 Nh5 27. Bd2 Rad8 28. e5 f6 29. Kd3 fxe5 30. Nxb7 Rd7 31. Na5 Rf5 32. a4 Bxa5 33. Rxa5 Nf4+ 34. Ke4 Nxg2 35. Rxe5 Rxe5+ 36. Kxe5 Nh4 37. Rf1 Nf5 38. Ke4 Kf7 39. Kd3 Ke6 40. Rc1 Nh4 41. Ke4 d3 42. Rc3 Rb7 43. b3 Rb4+ 44. Ke3 Nf5+ 45. Kxd3 Rd4+ 46. Kc2 Rh4 47. Rc7 Rxh2 48. Rxa7 Nd4+ 49. Kd3 Nxb3 50. Be3 Rh3 51. Ke4 {[%emt 0:00:30] Ke5+} 1/2-1/2

[Event "Chigorin Memorial 2019"]
[Site "Saint Petersburg"]
[Date "2019.10.10"]
[Round "6.3"]
[White "Vorobiov, Evgeny E."]
[Black "Kokarev, Dmitry"]
[Result "1/2-1/2"]
[ECO "D85"]
[WhiteElo "2555"]
[BlackElo "2593"]
[Annotator "ChessBase"]
[PlyCount "28"]
[EventDate "2019.10.05"]
[EventType "swiss"]
[EventCountry "RUS"]
[SourceTitle "playchess.com"]
[Source "ChessBase"]
[SourceQuality "1"]
[TimeControl "5400+30"]

1. d4 Nf6 2. c4 g6 3. Nc3 d5 4. cxd5 Nxd5 5. e4 Nxc3 6. bxc3 Bg7 7. Nf3 c5 8. Be3 Qa5 9. Nd2 O-O 10. Nb3 Qxc3+ 11. Bd2 Qb2 12. Bc1 Qc3+ 13. Bd2 Qb2 14. Bc1 Qc3+ 1/2-1/2

[Event "Chigorin Memorial 2019"]
[Site "Saint Petersburg"]
[Date "2019.10.10"]
[Round "6.5"]
[White "Ter-Sahakyan, Samvel"]
[Black "Vogel, Roven"]
[Result "1-0"]
[ECO "B11"]
[WhiteElo "2616"]
[BlackElo "2456"]
[Annotator "ChessBase"]
[PlyCount "85"]
[EventDate "2019.10.05"]
[EventType "swiss"]
[EventCountry "RUS"]
[SourceTitle "playchess.com"]
[Source "ChessBase"]
[SourceQuality "1"]
[TimeControl "5400+30"]

1. e4 c6 2. Nf3 d5 3. Nc3 Nf6 4. e5 Ne4 5. Ne2 Qb6 6. d4 e6 7. Ng3 c5 8. Bd3 Nxg3 9. fxg3 Nc6 10. O-O cxd4 11. Qe2 h6 12. a3 Bd7 13. b4 O-O-O 14. g4 Kb8 15. Bf4 Be7 16. Bg3 Ka8 17. Kh1 Rc8 18. Rae1 Rhf8 19. Bf2 f6 20. b5 Na5 21. Bxd4 Bc5 22. Bb2 Nc4 23. Bxc4 dxc4 24. a4 a6 25. Bc3 f5 26. gxf5 Rxf5 27. Rd1 Be8 28. Ra1 Kb8 29. Rfb1 Bh5 30. a5 Qd8 31. Qe4 Be8 32. bxa6 Bc6 33. Qe2 Rxf3 34. gxf3 g5 35. axb7 Rc7 36. a6 Ba7 37. Ba5 g4 38. Bxc7+ Qxc7 39. Rf1 Qf7 40. Rad1 Bb6 41. Rd6 Bxf3+ 42. Rxf3 gxf3 43. Rxb6 1-0

[Event "Chigorin Memorial 2019"]
[Site "Saint Petersburg"]
[Date "2019.10.10"]
[Round "6.6"]
[White "Mikaelyan, Arman"]
[Black "Khalifman, Alexander"]
[Result "0-1"]
[ECO "B13"]
[WhiteElo "2481"]
[BlackElo "2614"]
[Annotator "ChessBase"]
[PlyCount "110"]
[EventDate "2019.10.05"]
[EventType "swiss"]
[EventCountry "RUS"]
[SourceTitle "playchess.com"]
[Source "ChessBase"]
[SourceQuality "1"]
[TimeControl "5400+30"]

1. e4 c6 2. d4 d5 3. exd5 cxd5 4. Bd3 Nf6 5. c3 Bg4 6. Qb3 Qc7 7. Ne2 Bxe2 8. Bxe2 e6 9. Be3 Bd6 10. Nd2 O-O 11. g3 Nc6 12. O-O h6 13. Qd1 a6 14. Bd3 b5 15. Rc1 e5 16. dxe5 Nxe5 17. Bf5 Rfe8 18. Bd4 Bc5 19. Re1 Qd6 20. Nb3 Bxd4 21. Nxd4 g6 22. Bh3 Kg7 23. Rc2 b4 24. Rce2 bxc3 25. bxc3 Nc4 26. Rxe8 Rxe8 27. Rxe8 Nxe8 28. Bf1 Qa3 29. Qb3 Qc1 30. Qc2 Qxc2 31. Nxc2 a5 32. Bg2 Nc7 33. f4 Kf6 34. Kf2 Ke6 35. Nd4+ Kd6 36. Ke2 Kc5 37. h4 Ne8 38. h5 gxh5 39. Nf5 Ncd6 40. Nxh6 Nf6 41. Kd3 Nfe4 42. Bxe4 dxe4+ 43. Ke2 Kc4 44. Kd2 a4 45. g4 h4 46. g5 h3 47. Ng4 Nf5 48. Ne5+ Kd5 49. Ng4 Kc5 50. Nh2 Kc4 51. Ng4 e3+ 52. Kc2 a3 53. Nh2 Ng3 54. Nf3 Ne4 55. f5 Nxg5 0-1

[Event "Chigorin Memorial 2019"]
[Site "Saint Petersburg"]
[Date "2019.10.10"]
[Round "6.7"]
[White "Khismatullin, Denis"]
[Black "Bryakin, Mikhail"]
[Result "1-0"]
[ECO "D45"]
[WhiteElo "2611"]
[BlackElo "2440"]
[Annotator "ChessBase"]
[PlyCount "119"]
[EventDate "2019.10.05"]
[EventType "swiss"]
[EventCountry "RUS"]
[SourceTitle "playchess.com"]
[Source "ChessBase"]
[SourceQuality "1"]
[TimeControl "5400+30"]

1. c4 c6 2. Nf3 d5 3. e3 Nf6 4. Nc3 e6 5. b3 Nbd7 6. Qc2 Bd6 7. Bb2 O-O 8. Be2 Re8 9. O-O a6 10. d4 e5 11. cxd5 cxd5 12. dxe5 Nxe5 13. Rad1 Qc7 14. h3 Nxf3+ 15. Bxf3 Be6 16. Qb1 Rad8 17. Qa1 Be5 18. Ne2 Bxb2 19. Qxb2 Bf5 20. Rd4 Be4 21. Bxe4 dxe4 22. Rc1 Qb8 23. Rc5 h6 24. Qc3 Rc8 25. Rdc4 Rxc5 26. Rxc5 Qd6 27. Nd4 Rd8 28. Qc4 Rd7 29. Rc8+ Kh7 30. a4 Qd5 31. Qb4 Qd6 32. Qxd6 Rxd6 33. g4 Rd7 34. Kg2 g5 35. Kg3 h5 36. Nf5 hxg4 37. hxg4 Nd5 38. Rc4 Nf6 39. Rb4 Kg8 40. Rb6 Ne8 41. a5 Kf8 42. b4 f6 43. Re6 Kf7 44. Rxe4 Nc7 45. Rc4 Ke6 46. Kf3 Nb5 47. Rc8 Rc7 48. Rxc7 Nxc7 49. Ke4 Nd5 50. Nd4+ Kd6 51. Kf5 Ke7 52. b5 axb5 53. Nxb5 Nb4 54. Nd4 Nd3 55. Nb3 Kf7 56. f3 Ne5 57. Ke4 b6 58. a6 Nc6 59. Nd4 Na7 60. Kd5 1-0

[Event "Chigorin Memorial 2019"]
[Site "Saint Petersburg"]
[Date "2019.10.10"]
[Round "6.8"]
[White "Kryakvin, Dmitry"]
[Black "Kardashevskiy, Evgeny"]
[Result "1-0"]
[ECO "A13"]
[WhiteElo "2608"]
[BlackElo "2428"]
[Annotator "ChessBase"]
[PlyCount "163"]
[EventDate "2019.10.05"]
[EventType "swiss"]
[EventCountry "RUS"]
[SourceTitle "playchess.com"]
[Source "ChessBase"]
[SourceQuality "1"]
[TimeControl "5400+30"]

1. Nf3 Nf6 2. g3 e6 3. Bg2 d5 4. O-O c5 5. c4 d4 6. e3 Nc6 7. exd4 cxd4 8. d3 h6 9. Bd2 a5 10. Bf4 Bd6 11. Bxd6 Qxd6 12. Na3 O-O 13. Nb5 Qd8 14. Re1 Qb6 15. a3 Rd8 16. Qd2 Bd7 17. b4 Be8 18. Qb2 axb4 19. axb4 Ra6 20. Ra3 Kf8 21. h3 Kg8 22. Rb3 Ra4 23. Ra1 Rxa1+ 24. Qxa1 e5 25. Qa4 e4 26. dxe4 Nxe4 27. c5 Qa6 28. Qxa6 bxa6 29. Nc7 a5 30. Nxe8 Rxe8 31. bxa5 Nxa5 32. Rb5 Nc6 33. Rb6 Re6 34. Nh2 d3 35. Nf1 f5 36. Rb3 Ne5 37. Ne3 d2 38. Rb8+ Kf7 39. Rb7+ Kf8 40. Rb8+ Re8 41. Rxe8+ Kxe8 42. Bxe4 fxe4 43. Kf1 Nc4 44. Nd1 Kd7 45. Ke2 Kc6 46. Nc3 e3 47. fxe3 Kxc5 48. Ne4+ Kd5 49. Nxd2 Ne5 50. g4 g6 51. Nf1 Nf7 52. Ng3 Ke5 53. h4 Nd6 54. Kf3 Nc4 55. Ne4 Nb6 56. Nf2 Nc4 57. Nd3+ Kf6 58. Kf4 g5+ 59. hxg5+ hxg5+ 60. Ke4 Ke6 61. Kd4 Nb6 62. Nc5+ Kf6 63. e4 Kg6 64. e5 Nc8 65. Kd5 Ne7+ 66. Kd6 Ng8 67. Ne4 Nh6 68. Nf2 Nf7+ 69. Kd5 Nh6 70. Kd6 Nf7+ 71. Ke6 Nh6 72. Kd7 Nf7 73. e6 Ne5+ 74. Ke7 Kg7 75. Kd6 Nc4+ 76. Kd5 Ne3+ 77. Ke4 Nc2 78. Kf5 Nd4+ 79. Ke5 Nf3+ 80. Kd6 Kf8 81. Ne4 Nd4 82. Kd7 1-0

[Event "Chigorin Memorial 2019"]
[Site "Saint Petersburg"]
[Date "2019.10.10"]
[Round "6.9"]
[White "Yanchenko, Roman"]
[Black "Rozum, Ivan"]
[Result "1/2-1/2"]
[ECO "A40"]
[WhiteElo "2454"]
[BlackElo "2599"]
[Annotator "ChessBase"]
[PlyCount "104"]
[EventDate "2019.10.05"]
[EventType "swiss"]
[EventCountry "RUS"]
[SourceTitle "playchess.com"]
[Source "ChessBase"]
[SourceQuality "1"]
[TimeControl "5400+30"]

1. d4 g6 2. Bf4 Bg7 3. Nf3 c5 4. c3 Qb6 5. Qb3 d6 6. e3 Nf6 7. Nbd2 O-O 8. Be2 Qc7 9. h3 b6 10. O-O Bb7 11. a4 a6 12. Qa3 Nbd7 13. Bh2 b5 14. Rfc1 Rfb8 15. axb5 axb5 16. Qb3 Bd5 17. Qd1 Qb7 18. Ne1 Ne4 19. Nxe4 Bxe4 20. Rxa8 Rxa8 21. Ra1 c4 22. f3 Bc6 23. Nc2 Nb6 24. Nb4 Nd5 25. Nxd5 Bxd5 26. e4 Bc6 27. Bf4 d5 28. e5 Ra7 29. Kf1 Qa8 30. Rxa7 Qxa7 31. b4 f6 32. exf6 exf6 33. h4 Kf7 34. Qd2 Bf8 35. g4 Bd7 36. Bg3 Be6 37. Kf2 Qa1 38. g5 Be7 39. Kg2 Bf5 40. gxf6 Bxf6 41. Be5 h5 42. Bxf6 Kxf6 43. Qe3 Qe1 44. Qe5+ Kf7 45. Qxd5+ Be6 46. Qb7+ Kf6 47. Qe4 Qxc3 48. Qf4+ Kg7 49. Qc7+ Bf7 50. Qe5+ Kg8 51. Qb8+ Kg7 52. Qe5+ Kg8 1/2-1/2

[Event "Chigorin Memorial 2019"]
[Site "Saint Petersburg"]
[Date "2019.10.10"]
[Round "6.10"]
[White "Smirin, Ilia"]
[Black "Polschikov, Alexey"]
[Result "1-0"]
[ECO "B90"]
[WhiteElo "2599"]
[BlackElo "2416"]
[Annotator "ChessBase"]
[PlyCount "81"]
[EventDate "2019.10.05"]
[EventType "swiss"]
[EventCountry "RUS"]
[SourceTitle "playchess.com"]
[Source "ChessBase"]
[SourceQuality "1"]
[TimeControl "5400+30"]

1. e4 c5 2. Nf3 d6 3. d4 cxd4 4. Nxd4 Nf6 5. Nc3 a6 6. Be3 e5 7. Nf3 Be7 8. Bc4 O-O 9. O-O Nc6 10. Re1 h6 11. h3 Be6 12. Nd5 Rc8 13. Bf1 Nb8 14. c4 Nbd7 15. Nd2 Nc5 16. b4 Ncd7 17. a3 Nh7 18. Nb3 Bg5 19. Na5 Bxe3 20. Nxb7 Bxf2+ 21. Kxf2 Qg5 22. Nxd6 Rb8 23. Qc1 Qh4+ 24. Kg1 g6 25. c5 Bxd5 26. exd5 Ng5 27. c6 Nf6 28. c7 Qg3 29. Kh1 Ng4 30. hxg4 Qh4+ 31. Kg1 Qg3 32. Qxg5 hxg5 33. Ne4 Qb3 34. cxb8=Q Rxb8 35. d6 Kg7 36. d7 f5 37. Nc5 Qc3 38. Rad1 e4 39. Bxa6 Qg3 40. Bc8 e3 41. Re2 1-0

[Event "Chigorin Memorial 2019"]
[Site "Saint Petersburg"]
[Date "2019.10.11"]
[Round "7.1"]
[White "Ter-Sahakyan, Samvel"]
[Black "Bocharov, Ivan"]
[Result "1/2-1/2"]
[ECO "B96"]
[WhiteElo "2616"]
[BlackElo "2550"]
[Annotator "RC"]
[PlyCount "195"]
[EventDate "2019.10.05"]
[EventType "swiss"]
[EventCountry "RUS"]
[SourceTitle "playchess.com"]
[Source "ChessBase"]
[SourceQuality "1"]
[TimeControl "5400+30"]

1. e4 c5 2. Nf3 d6 3. d4 cxd4 4. Nxd4 Nf6 5. Nc3 a6 6. Bg5 e6 7. f4 h6 8. Bh4 Qb6 9. a3 Be7 10. Bf2 Qc7 11. Qf3 Nbd7 12. O-O-O b5 13. g4 Bb7 14. h4 Nc5 15. Bd3 d5 16. e5 Nfe4 17. Be1 Nxd3+ 18. Rxd3 O-O-O 19. Nce2 Kb8 20. g5 hxg5 21. hxg5 g6 22. Qg2 Rxh1 23. Qxh1 Rc8 24. Rh3 Bc5 25. Rh8 Rxh8 26. Qxh8+ Ka7 27. Qh3 Qb6 28. Qd3 Qd8 29. Qh3 Qb6 30. Qe3 a5 31. b4 axb4 32. Bxb4 Kb8 33. Bxc5 Qxc5 34. Qb3 Ba6 35. Qb4 Kc7 36. Kb2 Kb6 37. Nb3 Qc4 38. Ned4 Qxb4 39. axb4 Ng3 40. Nc1 Bc8 41. Nce2 Nh5 42. Kc3 Bd7 43. Kd3 Ng7 44. Ng3 Ne8 45. Nf1 Nc7 46. Ne3 Na6 47. c3 Kc7 48. Ng4 Kd8 49. Nf6 Nc7 50. Nb3 Bc6 51. Kd4 Na6 52. Ng4 Ke7 53. Ne3 Kd8 54. Na5 Ba8 55. Nb3 Ke7 56. Nc2 Kd8 57. Nc5 Nb8 58. Kd3 Bc6 59. Nd4 Kc8 60. Ke3 Be8 61. Nd3 Kc7 62. Nf2 Kd8 63. Ng4 Bc6 64. Nf6 Ke7 65. Ng4 Kd8 66. Kd3 Be8 67. Nb3 Bc6 68. Na5 Ba8 69. Ne3 Na6 70. Nc2 Kc7 71. Nd4 Kb6 72. Nab3 Bc6 73. Nc1 Nb8 74. Ke3 Kc7 75. Nd3 Be8 76. Nc5 Kc8 77. Kd2 Kc7 78. Kd3 Kc8 79. Ndb3 Bc6 80. Na5 Kc7 81. Kd4 Kb6 82. Nd3 Be8 83. Nf2 Bd7 84. Ng4 Be8 85. Nf6 Bd7 86. Nb3 Bc6 87. Nc1 Kc7 88. Nd3 Kd8 89. Nf2 Na6 90. Nd3 Ke7 91. Nc5 Nc7 92. Nb3 Na6 93. Ke3 Nc7 94. Nc5 Kd8 95. Kd4 Ke7 96. Ng4 Kd8 97. Ne3 Ke7 98. Nc2 1/2-1/2

[Event "Chigorin Memorial 2019"]
[Site "Saint Petersburg"]
[Date "2019.10.11"]
[Round "7.4"]
[White "Petrosyan, Manuel"]
[Black "Vorobiov, Evgeny E."]
[Result "1-0"]
[ECO "A36"]
[WhiteElo "2611"]
[BlackElo "2555"]
[Annotator "RC"]
[PlyCount "39"]
[EventDate "2019.10.05"]
[EventType "swiss"]
[EventCountry "RUS"]
[SourceTitle "playchess.com"]
[Source "ChessBase"]
[SourceQuality "1"]
[TimeControl "5400+30"]

1. c4 c5 2. Nc3 g6 3. g3 Bg7 4. Bg2 Nc6 5. d3 e6 6. h4 Nge7 7. h5 d5 8. Bg5 dxc4 9. Bxc6+ bxc6 10. dxc4 Bxc3+ 11. bxc3 Qxd1+ 12. Rxd1 Ba6 13. Nf3 gxh5 14. Rxh5 Bxc4 15. Nd2 Ba6 16. Ne4 h6 17. Nf6+ Kf8 18. Rxh6 Ng6 19. Rd7 Kg7 20. Nh5+ 1-0

[Event "Chigorin Memorial 2019"]
[Site "Saint Petersburg"]
[Date "2019.10.11"]
[Round "7.5"]
[White "Vokhidov, Shamsiddin"]
[Black "Kryakvin, Dmitry"]
[Result "1/2-1/2"]
[ECO "C09"]
[WhiteElo "2519"]
[BlackElo "2608"]
[Annotator "ChessBase"]
[PlyCount "81"]
[EventDate "2019.10.05"]
[EventType "swiss"]
[EventCountry "RUS"]
[SourceTitle "playchess.com"]
[Source "ChessBase"]
[SourceQuality "1"]
[TimeControl "5400+30"]

1. e4 e6 2. d4 d5 3. Nd2 c5 4. Ngf3 Nc6 5. exd5 exd5 6. Bb5 Qe7+ 7. Be2 Qc7 8. dxc5 Bxc5 9. Nb3 Be7 10. O-O Nf6 11. c3 O-O 12. Bg5 Rd8 13. Re1 Bf5 14. Nfd4 Bg6 15. Bh4 Ne4 16. Bxe7 Nxe7 17. Bd3 Nc6 18. f3 Nd6 19. Bf1 Qb6 20. Qd2 a5 21. Qf2 a4 22. Nxc6 Qxf2+ 23. Kxf2 bxc6 24. Nc5 Ra5 25. Nd3 Bxd3 26. Bxd3 Kf8 27. b4 axb3 28. axb3 Rda8 29. Rxa5 Rxa5 30. Ke3 Ra3 31. Bc2 Nb5 32. Kd3 c5 33. Re5 c4+ 34. bxc4 Rxc3+ 35. Kd2 Rxc4 36. Rxd5 Rd4+ 37. Rxd4 Nxd4 38. Bd3 g6 39. Ke3 Ne6 40. g4 Kg7 41. Ke4 1/2-1/2

[Event "Chigorin Memorial 2019"]
[Site "Saint Petersburg"]
[Date "2019.10.11"]
[Round "7.6"]
[White "Nesterov, Arseniy"]
[Black "Smirin, Ilia"]
[Result "1/2-1/2"]
[ECO "E62"]
[WhiteElo "2484"]
[BlackElo "2599"]
[Annotator "ChessBase"]
[PlyCount "81"]
[EventDate "2019.10.05"]
[EventType "swiss"]
[EventCountry "RUS"]
[SourceTitle "playchess.com"]
[Source "ChessBase"]
[SourceQuality "1"]
[TimeControl "5400+30"]

1. d4 Nf6 2. c4 g6 3. Nf3 Bg7 4. g3 O-O 5. Bg2 d6 6. Nc3 Nc6 7. O-O e5 8. d5 Nb8 9. e4 a5 10. Ne1 Na6 11. Nd3 b6 12. b3 Nd7 13. a3 Nac5 14. Rb1 Nxd3 15. Qxd3 f5 16. b4 f4 17. Bd2 h5 18. f3 g5 19. Be1 Rf6 20. Qe2 Nf8 21. c5 axb4 22. axb4 bxc5 23. bxc5 Ng6 24. Bf2 fxg3 25. hxg3 h4 26. Ra1 Rxa1 27. Rxa1 hxg3 28. Bxg3 Nf4 29. Bxf4 exf4 30. Ra8 Rf8 31. Nb5 g4 32. fxg4 dxc5 33. Bf3 Qh4 34. Qf2 Qg5 35. Kf1 Qh6 36. Qxc5 Ba6 37. Rxf8+ Bxf8 38. d6 Bxd6 39. Qd5+ Kg7 40. Kg2 Qh4 41. Nd4 1/2-1/2

[Event "Chigorin Memorial 2019"]
[Site "Saint Petersburg"]
[Date "2019.10.11"]
[Round "7.7"]
[White "Kokarev, Dmitry"]
[Black "Khegay, Dmitriy"]
[Result "1-0"]
[ECO "C18"]
[WhiteElo "2593"]
[BlackElo "2509"]
[Annotator "ChessBase"]
[PlyCount "149"]
[EventDate "2019.10.05"]
[EventType "swiss"]
[EventCountry "RUS"]
[SourceTitle "playchess.com"]
[Source "ChessBase"]
[SourceQuality "1"]
[TimeControl "5400+30"]

1. e4 e6 2. d4 d5 3. Nc3 Bb4 4. e5 c5 5. a3 Bxc3+ 6. bxc3 Qa5 7. Bd2 Qa4 8. Qb1 c4 9. Ne2 Nc6 10. Nf4 Bd7 11. g3 O-O-O 12. Bh3 Nge7 13. Qd1 Kb8 14. O-O Ka8 15. Nh5 Rhg8 16. Kh1 Rdf8 17. Bg5 Nc8 18. g4 Nb6 19. f4 Qa5 20. Rf3 Na4 21. Qd2 Qb6 22. f5 h6 23. Bh4 Qb2 24. Qc1 Qxc1+ 25. Rxc1 a6 26. Be1 Na7 27. Bd2 Nb5 28. Ra1 Rc8 29. f6 g6 30. Nf4 Rh8 31. Bg2 Rcg8 32. Rh3 Rh7 33. Kg1 Rgh8 34. Kf2 Bc6 35. Ne2 Ka7 36. Bf3 a5 37. Ke1 Nc7 38. Kd1 Na6 39. Rh4 Nb8 40. Be3 Nd7 41. Kd2 Nf8 42. Rg1 Nb6 43. Rg3 Nbd7 44. Rgh3 g5 45. Rh5 Ka6 46. Kc1 b5 47. Ng1 Kb7 48. Be2 Nb6 49. Nf3 Be8 50. Kd2 Nbd7 51. Ne1 Nb6 52. Ng2 Nbd7 53. Bf2 Ng6 54. Re3 Ndf8 55. h4 gxh4 56. Bxh4 Nxh4 57. Nxh4 Rg8 58. Ng2 Kc7 59. Reh3 Rgh8 60. Ne3 Bc6 61. Rh1 Be8 62. Nd1 Bc6 63. Nf2 Be8 64. Ke3 Bc6 65. g5 hxg5 66. Rxh7 Rxh7 67. Rxh7 Nxh7 68. Bh5 Be8 69. Ng4 Kd7 70. Kf3 Kc7 71. Nh6 g4+ 72. Kxg4 b4 73. cxb4 axb4 74. axb4 c3 75. Bxf7 1-0

[Event "Chigorin Memorial 2019"]
[Site "Saint Petersburg"]
[Date "2019.10.11"]
[Round "7.8"]
[White "Pourramezanali, Amirreza"]
[Black "Gareyev, Timur"]
[Result "1/2-1/2"]
[ECO "C55"]
[WhiteElo "2478"]
[BlackElo "2591"]
[Annotator "ChessBase"]
[PlyCount "209"]
[EventDate "2019.10.05"]
[EventType "swiss"]
[EventCountry "RUS"]
[SourceTitle "playchess.com"]
[Source "ChessBase"]
[SourceQuality "1"]
[TimeControl "5400+30"]

1. e4 e5 2. Nf3 Nc6 3. Bc4 Nf6 4. d3 h6 5. O-O d6 6. c3 g6 7. d4 Qe7 8. Re1 Bg7 9. dxe5 Nxe5 10. Nxe5 dxe5 11. Qa4+ c6 12. Qb4 Bf8 13. Qxe7+ Bxe7 14. a4 a5 15. Nd2 Bc5 16. Nf3 Nd7 17. Be3 Bxe3 18. Rxe3 Ke7 19. Rd1 g5 20. Ne1 Nc5 21. b3 Be6 22. Bxe6 Nxe6 23. Nd3 Rhd8 24. Kf1 Rd7 25. Rb1 f6 26. g3 g4 27. b4 axb4 28. Rxb4 c5 29. Rb6 c4 30. Nb4 Rxa4 31. Nd5+ Kf7 32. Re1 Ra6 33. Reb1 Nc5 34. Nxf6 Rd1+ 35. Rxd1 Rxb6 36. Nxg4 Ke6 37. Ne3 Nxe4 38. Nxc4 Rc6 39. Na5 Rc7 40. Rd8 Rf7 41. Re8+ Kd5 42. Rd8+ Kc5 43. Re8 Rxf2+ 44. Ke1 Rf5 45. Nxb7+ Kc4 46. Re6 Rh5 47. g4 Rh3 48. Kf1 Kd5 49. Ra6 Rxc3 50. Rxh6 Rc7 51. Nd8 Ng5 52. h4 Nf3 53. Rf6 Nh2+ 54. Ke2 Nxg4 55. Rg6 Rc2+ 56. Kd3 Rg2 57. h5 Rg3+ 58. Ke2 Ke4 59. Nf7 Rg2+ 60. Kd1 Kf4 61. Nxe5 Kxe5 62. Kc1 Kf4 63. h6 Rh2 64. h7 Rxh7 65. Kd2 Ne5 66. Rg8 Ke4 67. Re8 Rc7 68. Re6 Rc8 69. Re7 Kd4 70. Rh7 Nc4+ 71. Ke2 Re8+ 72. Kf2 Ke4 73. Ra7 Rf8+ 74. Ke2 Re8 75. Kf2 Nb2 76. Ke2 Kd4+ 77. Kf3 Re3+ 78. Kg4 Nc4 79. Kg5 Nb6 80. Kg4 Nd5 81. Ra4+ Ke5 82. Ra5 Rd3 83. Rc5 Rd4+ 84. Kf3 Rf4+ 85. Kg3 Ra4 86. Rc8 Nf6 87. Kf3 Ra3+ 88. Ke2 Kd4 89. Rd8+ Ke4 90. Kd2 Nd5 91. Re8+ Kd4 92. Ke2 Nf6 93. Rd8+ Ke4 94. Kd2 Ra5 95. Rh8 Ra2+ 96. Kc3 Nd5+ 97. Kb3 Rf2 98. Rh4+ Ke5 99. Kc4 Nf4 100. Rh8 Rc2+ 101. Kb3 Rc7 102. Rd8 Ne6 103. Rh8 Nc5+ 104. Kc4 Ne4+ 105. Kd3 1/2-1/2

[Event "Chigorin Memorial 2019"]
[Site "Saint Petersburg"]
[Date "2019.10.12"]
[Round "8.1"]
[White "Bocharov, Ivan"]
[Black "Petrosyan, Manuel"]
[Result "1/2-1/2"]
[ECO "C47"]
[WhiteElo "2550"]
[BlackElo "2611"]
[Annotator "ChessBase"]
[PlyCount "81"]
[EventDate "2019.10.05"]
[EventType "swiss"]
[EventCountry "RUS"]
[SourceTitle "playchess.com"]
[Source "ChessBase"]
[SourceQuality "1"]
[TimeControl "5400+30"]

1. e4 e5 2. Nf3 Nc6 3. Nc3 Nf6 4. d4 exd4 5. Nxd4 Bb4 6. Nxc6 bxc6 7. Bd3 O-O 8. O-O d5 9. exd5 cxd5 10. Qf3 Rb8 11. Bg5 c6 12. h3 Bd6 13. b3 h6 14. Bf4 a5 15. Rfe1 Be6 16. Ne2 c5 17. Ng3 Bxf4 18. Qxf4 Rb4 19. Qe3 Qc7 20. c3 Rbb8 21. Qf3 Rfe8 22. Nf5 Bxf5 23. Qxf5 Qd6 24. Qf3 g6 25. Re3 Kg7 26. Rae1 Rxe3 27. Qxe3 a4 28. Bc2 axb3 29. axb3 Re8 30. Qd2 Rxe1+ 31. Qxe1 d4 32. Qd1 Qb6 33. cxd4 cxd4 34. Bd3 Nd7 35. Qg4 Qxb3 36. Qxd4+ Nf6 37. Bf1 Qd5 38. Qc3 g5 39. Qb2 Qd6 40. Qc3 Qe6 41. Qb2 1/2-1/2

[Event "Chigorin Memorial 2019"]
[Site "Saint Petersburg"]
[Date "2019.10.12"]
[Round "8.2"]
[White "Sivuk, Vitaly"]
[Black "Kokarev, Dmitry"]
[Result "1/2-1/2"]
[ECO "E71"]
[WhiteElo "2559"]
[BlackElo "2593"]
[Annotator "ChessBase"]
[PlyCount "80"]
[EventDate "2019.10.05"]
[EventType "swiss"]
[EventCountry "RUS"]
[SourceTitle "playchess.com"]
[Source "ChessBase"]
[SourceQuality "1"]
[TimeControl "5400+30"]

1. d4 Nf6 2. c4 g6 3. Nc3 Bg7 4. e4 d6 5. h3 O-O 6. Be3 e5 7. d5 Na6 8. g4 Nc5 9. Qc2 c6 10. g5 Nh5 11. O-O-O cxd5 12. Nxd5 Ne6 13. h4 Bd7 14. Kb1 Bc6 15. Ne2 Bxd5 16. Rxd5 Nhf4 17. Nxf4 Nxf4 18. Bxf4 exf4 19. Bh3 Qe7 20. f3 b6 21. h5 Be5 22. Qg2 Rfd8 23. Qg1 Rab8 24. Rh2 Rb7 25. Rhd2 Rc7 26. Bf1 Rc5 27. Qg4 Rdc8 28. a3 R8c7 29. Ka2 a5 30. Be2 Kg7 31. Bf1 Kg8 32. Be2 Kg7 33. Bf1 Kg8 34. Be2 Kg7 35. Bf1 Kg8 36. Be2 Kg7 37. Bf1 Kg8 38. Be2 Kg7 39. Bf1 Kg8 40. Be2 Kg7 1/2-1/2